PBL
NEW JERSEY DEVILS @ NIAGARA FALLS PHANTOMS
10/29/2049
 
TOP OF THE 1ST
University of Oklahoma Sooners batting - Pitching for Florida State University Seminoles : LHP Jim Unknown
Pitching: LHP Jim Unknown
Batting: LHB Jim Unknown 0-0: Foul Ball, location: 2F
0-1: Foul Ball, location: 2F
0-2: Ball
1-2: Strikes out swinging
Batting: RHB Jim Unknown 0-0: Ball
1-0: Ball
2-0: Called Strike
2-1: Foul Ball, location: 2F
2-2: Ball
3-2: SINGLE (Groundball, 3, EV 99.4 MPH)
Batting: RHB Jim Unknown 0-0: Called Strike
0-1: Foul Ball, location: 2F
0-2: Foul Ball, location: 2F
0-2: Strikes out swinging
Batting: LHB Jim Unknown 0-0: Foul Ball, location: 2F
0-1: Swinging Strike
0-2: Ground out 1-3 (Groundball, 13, EV 68.1 MPH)
Top of the 1st over - 0 runs, 1 hit, 0 errors, 1 left on base; University of Oklahoma 0 - Florida State University 0
BOTTOM OF THE 1ST
Florida State University Seminoles batting - Pitching for University of Oklahoma Sooners : RHP Jim Unknown
Pitching: RHP Jim Unknown
Batting: SHB Jim Unknown 0-0: Called Strike
0-1: Ball
1-1: Foul Ball, location: 2F
1-2: Reached on error, E5 (Groundball, 5, EV 93.8 MPH)
Batting: RHB Jim Unknown 0-0: Ball
1-0: Fielders Choice at 2nd, 4-6 (Groundball, 34, EV 78.8 MPH)
Batting: RHB Jim Unknown 0-0: Ball
1-0: Swinging Strike
1-1: Swinging Strike
1-2: Strikes out swinging
Batting: RHB Jim Unknown 0-0: Ball
1-0: Ball
2-0: Called Strike
2-1: Called Strike
2-2: Strikes out swinging
Bottom of the 1st over - 0 runs, 0 hits, 1 error, 1 left on base; University of Oklahoma 0 - Florida State University 0
TOP OF THE 2ND
University of Oklahoma Sooners batting - Pitching for Florida State University Seminoles : LHP Jim Unknown
Batting: LHB Jim Unknown 0-0: Ball
1-0: Swinging Strike
1-1: Ball
2-1: Ball
3-1: Base on Balls
Batting: RHB Jim Unknown 0-0: Ball
1-0: Ball
2-0: Ball
3-0: Called Strike
3-1: Base on Balls
Jim Unknown to second
Batting: RHB Jim Unknown 0-0: Ball
1-0: Fielders Choice at 2nd, 6-4 (Groundball, 6S, EV 83.1 MPH)
Jim Unknown to third
Batting: RHB Jim Unknown 0-0: Ball
1-0: Called Strike
1-1: Foul Ball, location: 2F
1-2: Foul Ball, location: 2F
1-2: Ball
2-2: Ball
3-2: Fielders Choice at 2nd, 6-4 (Groundball, 6M, EV 85.0 MPH)
Jim Unknown scores
Batting: SHB Jim Unknown 0-0: Foul Ball, location: 2F
0-1: Ball
1-1: Foul Ball, location: 2F
1-2: Strikes out swinging
Top of the 2nd over - 1 run, 0 hits, 0 errors, 1 left on base; University of Oklahoma 1 - Florida State University 0
BOTTOM OF THE 2ND
Florida State University Seminoles batting - Pitching for University of Oklahoma Sooners : RHP Jim Unknown
Batting: RHB Jim Unknown 0-0: SINGLE (Groundball, 56, EV 94.4 MPH)
Batting: RHB Jim Unknown 0-0: Ball
1-0: Ball
2-0: Ball
3-0: Base on Balls
Jim Unknown to second
Batting: LHB Jim Unknown 0-0: Foul Ball, location: 2F
0-1: Foul Ball, location: 2F
0-2: 3-RUN HOME RUN (Flyball, 9D, EV 97.5 MPH), Distance : 369 ft
Batting: RHB Jim Unknown 0-0: Foul Ball, location: 2F
0-1: Ball
1-1: Ball
2-1: Foul Ball, location: 2F
2-2: SINGLE (Groundball, 6MD, EV 110.6 MPH)
Batting: RHB Jim Unknown 0-0: Fly out, F7 (Flyball, 78S, EV 78.8 MPH)
Batting: SHB Jim Unknown 0-0: Ball
1-0: Foul Ball, location: 2F
1-1: Foul Ball, location: 2F
1-2: Foul Ball, location: 2F
1-2: Foul Ball, location: 2F
1-2: DOUBLE (Line Drive, 7LS, EV 91.9 MPH)
Jim Unknown to third
Batting: RHB Jim Unknown 0-0: Foul Ball, location: 2F
0-1: Ball
1-1: SINGLE (Groundball, 56D, EV 101.9 MPH)
Jim Unknown scores
Jim Unknown to third
Batting: RHB Jim Unknown 0-0: DOUBLE (Groundball, 5L, EV 105.6 MPH)
Jim Unknown scores
Jim Unknown to third
Runner from 3rd tries for Home, SAFE, throw by LF to home
Pitching: RHP Jim Unknown
Batting: RHB Jim Unknown 0-0: Called Strike
0-1: Ball
1-1: SINGLE (Line Drive, 9S, EV 95.0 MPH)
Jim Unknown to third
Runner from 3rd tries for Home, SAFE, throw by RF to home
Jim Unknown to second
Batting: RHB Jim Unknown 0-0: SINGLE (Groundball, 56, EV 89.4 MPH) (infield hit)
Jim Unknown to third
Batting: RHB Jim Unknown 0-0: Called Strike
0-1: Foul Ball, location: 2F
0-2: Ball
1-2: Ball
2-2: Ball
3-2: Fly out, F7 (Flyball, 78M, EV 96.2 MPH)
Batting: LHB Jim Unknown 0-0: Fly out, F7 (Flyball, 7LS, EV 93.1 MPH)
Bottom of the 2nd over - 7 runs, 8 hits, 0 errors, 2 left on base; University of Oklahoma 1 - Florida State University 7
TOP OF THE 3RD
University of Oklahoma Sooners batting - Pitching for Florida State University Seminoles : LHP Jim Unknown
Batting: LHB Jim Unknown 0-0: SINGLE (Groundball, 34D, EV 106.9 MPH)
Batting: RHB Jim Unknown 0-0: Ball
1-0: Ball
2-0: SINGLE (Line Drive, 6D, EV 102.5 MPH)
Jim Unknown to second
Batting: RHB Jim Unknown 0-0: Foul Ball, location: 2F
0-1: Swinging Strike
0-2: Ball
1-2: Fielders Choice at 2nd, 1-6 (Groundball, 13, EV 70.6 MPH)
Jim Unknown to third
Batting: LHB Jim Unknown 0-0: Ball
1-0: Called Strike
1-1: DOUBLE (Line Drive, 89M, EV 109.4 MPH)
Jim Unknown scores
Jim Unknown to third
Batting: LHB Jim Unknown 0-0: SINGLE (Groundball, 6S, EV 72.5 MPH) (infield hit)
Jim Unknown scores
Jim Unknown to third
Batting: RHB Jim Unknown 0-0: Ball
1-0: Called Strike
1-1: Ball
2-1: Foul Ball, location: 2F
2-2: Grounds into double play, 6-4-3 (Groundball, 6, EV 100.6 MPH)
Top of the 3rd over - 2 runs, 4 hits, 0 errors, 1 left on base; University of Oklahoma 3 - Florida State University 7
BOTTOM OF THE 3RD
Florida State University Seminoles batting - Pitching for University of Oklahoma Sooners : RHP Jim Unknown
Batting: RHB Jim Unknown 0-0: Called Strike
0-1: Swinging Strike
0-2: Ground out 6-3 (Groundball, 6, EV 90.0 MPH)
Batting: RHB Jim Unknown 0-0: Foul Ball, location: 2F
0-1: Ball
1-1: Ground out 4-3 (Groundball, 4, EV 110.0 MPH)
Batting: SHB Jim Unknown 0-0: Called Strike
0-1: Swinging Strike
0-2: Ball
1-2: Fly out, F6 (Popup, 6MD, EV 56.2 MPH)
Bottom of the 3rd over - 0 runs, 0 hits, 0 errors, 0 left on base; University of Oklahoma 3 - Florida State University 7
TOP OF THE 4TH
University of Oklahoma Sooners batting - Pitching for Florida State University Seminoles : LHP Jim Unknown
Batting: RHB Jim Unknown 0-0: SINGLE (Groundball, 4D, EV 103.8 MPH)
Batting: RHB Jim Unknown 0-0: Ball
1-0: Ball
2-0: Ball
3-0: Base on Balls
Jim Unknown to second
Batting: SHB Jim Unknown 0-0: Ball
1-0: Called Strike
1-1: Swinging Strike
1-2: Ball
2-2: Foul Ball, location: 2F
2-2: Ball
3-2: Strikes out looking
Batting: LHB Jim Unknown 0-0: Ball
1-0: Swinging Strike
1-1: Fielders Choice at 2nd, 4-6 (Groundball, 4, EV 88.8 MPH)
Jim Unknown to third
Batting: RHB Jim Unknown 0-0: Called Strike
0-1: Fly out, F4 (Popup, 13S, EV 84.4 MPH)
Top of the 4th over - 0 runs, 1 hit, 0 errors, 2 left on base; University of Oklahoma 3 - Florida State University 7
BOTTOM OF THE 4TH
Florida State University Seminoles batting - Pitching for University of Oklahoma Sooners : RHP Jim Unknown
Batting: RHB Jim Unknown 0-0: Ball
1-0: Called Strike
1-1: Foul Ball, location: 2F
1-2: Strikes out swinging
Batting: RHB Jim Unknown 0-0: Foul Ball, location: 2F
0-1: Called Strike
0-2: Ball
1-2: Foul Ball, location: 2F
1-2: Ball
2-2: Fly out, F8 (Flyball, 8LM, EV 95.6 MPH)
Batting: RHB Jim Unknown 0-0: Called Strike
0-1: Swinging Strike
0-2: Ball
1-2: Ball
2-2: Foul Ball, location: 2F
2-2: Ground out 6-3 (Groundball, 6, EV 106.9 MPH)
Bottom of the 4th over - 0 runs, 0 hits, 0 errors, 0 left on base; University of Oklahoma 3 - Florida State University 7
TOP OF THE 5TH
University of Oklahoma Sooners batting - Pitching for Florida State University Seminoles : LHP Jim Unknown
Pitching: RHP Jim Unknown
Batting: RHB Jim Unknown 0-0: Ball
1-0: Called Strike
1-1: Ball
2-1: Fly out, F8 (Flyball, 8LM, EV 93.8 MPH)
Batting: LHB Jim Unknown 0-0: Ball
1-0: Ball
2-0: Foul Ball, location: 2F
2-1: Ground out 4-3 (Groundball, 4, EV 75.6 MPH)
Batting: LHB Jim Unknown 0-0: Ball
1-0: Ball
2-0: Called Strike
2-1: Ball
3-1: Base on Balls
Batting: RHB Jim Unknown 0-0: Swinging Strike
0-1: Ball
1-1: SINGLE (Groundball, 34D, EV 99.4 MPH)
Jim Unknown to second
Runner from 2nd tries for 3rd, SAFE, no throw by RF
Batting: RHB Jim Unknown 0-0: Ball
1-0: SINGLE (Groundball, 34D, EV 93.8 MPH)
Jim Unknown scores
Jim Unknown to second
Runner from 2nd tries for 3rd, SAFE, throw by RF made to third
Batting: RHB Jim Unknown 0-0: Ball
1-0: Fielders Choice at 2nd, 5-4 (Groundball, 5, EV 96.2 MPH)
Top of the 5th over - 1 run, 2 hits, 0 errors, 2 left on base; University of Oklahoma 4 - Florida State University 7
BOTTOM OF THE 5TH
Florida State University Seminoles batting - Pitching for University of Oklahoma Sooners : RHP Jim Unknown
Batting: RHB Jim Unknown 0-0: Ball
1-0: Foul Ball, location: 2F
1-1: Ball
2-1: Foul Ball, location: 2F
2-2: Foul Ball, location: 2F
2-2: Ball
3-2: Reached via error on a dropped throw from 1B, E1 (Groundball, 34, EV 101.9 MPH)
Batting: RHB Jim Unknown 0-0: Ball
1-0: Foul Ball, location: 2F
1-1: Ball
2-1: Swinging Strike
2-2: Foul Ball, location: 2F
2-2: Foul Ball, location: 2F
2-2: Ball
3-2: Base on Balls
Jim Unknown to second
Batting: LHB Jim Unknown 0-0: Called Strike
0-1: Ball
1-1: Swinging Strike
1-2: Ball
2-2: Foul Ball, location: 2F
2-2: Ball
3-2: Base on Balls
Jim Unknown to third
Jim Unknown to second
Pitching: RHP Jim Unknown
Batting: RHB Jim Unknown 0-0: Ball
1-0: Called Strike
1-1: Ball
2-1: Ball
3-1: Foul Ball, location: 2F
3-2: Base on Balls
Jim Unknown scores
Jim Unknown to third
Jim Unknown to second
Batting: RHB Jim Unknown 0-0: Called Strike
0-1: Ball
1-1: Called Strike
1-2: Strikes out swinging
Batting: SHB Jim Unknown 0-0: Ball
1-0: Called Strike
1-1: Ball
2-1: SINGLE (Groundball, 34D, EV 103.1 MPH)
Jim Unknown scores
Jim Unknown to third
Jim Unknown to second
Runner from 3rd tries for Home, SAFE, throw by RF to home
Batting: RHB Jim Unknown 0-0: Ball
1-0: Foul Ball, location: 2F
1-1: Fielders Choice at 2nd, 6-4 (Groundball, 6, EV 78.8 MPH)
Jim Unknown to third
Batting: RHB Jim Unknown 0-0: Foul Ball, location: 2F
0-1: Ball
1-1: Ball
2-1: Called Strike
2-2: SINGLE (Groundball, 34D, EV 98.1 MPH)
Jim Unknown scores
Jim Unknown to second
Runner from 2nd tries for 3rd, SAFE, throw by RF made to third
Batting: RHB Jim Unknown 0-0: Ball
1-0: Ball
2-0: Foul Ball, location: 2F
2-1: Foul Ball, location: 2F
2-2: Ball
3-2: DOUBLE (Line Drive, 9LM, EV 90.6 MPH)
Jim Unknown scores
Jim Unknown to third
Jim Unknown scores
Batting: RHB Jim Unknown 0-0: Called Strike
0-1: Foul Ball, location: 2F
0-2: Strikes out swinging
Bottom of the 5th over - 6 runs, 3 hits, 1 error, 1 left on base; University of Oklahoma 4 - Florida State University 13
TOP OF THE 6TH
University of Oklahoma Sooners batting - Pitching for Florida State University Seminoles : RHP Jim Unknown
Batting: SHB Jim Unknown 0-0: Called Strike
0-1: Foul Ball, location: 2F
0-2: Strikes out looking
Batting: LHB Jim Unknown 0-0: Ball
1-0: Foul Ball, location: 2F
1-1: Ball
2-1: Ball
3-1: Base on Balls
Batting: RHB Jim Unknown 0-0: Ball
1-0: Ball
Jim Unknown steals 2nd base (no throw)
2-0: Swinging Strike
2-1: Ball
3-1: Foul Ball, location: 2F
3-2: Fly out, F7 (Line Drive, 7, EV 92.5 MPH)
Batting: RHB Jim Unknown 0-0: Ball
1-0: Called Strike
1-1: Ball
2-1: Swinging Strike
2-2: Strikes out swinging
Top of the 6th over - 0 runs, 0 hits, 0 errors, 1 left on base; University of Oklahoma 4 - Florida State University 13
BOTTOM OF THE 6TH
Florida State University Seminoles batting - Pitching for University of Oklahoma Sooners : RHP Jim Unknown
Batting: RHB Jim Unknown 0-0: Called Strike
0-1: Ground out 5-3 (Groundball, 56, EV 108.8 MPH)
Batting: LHB Jim Unknown 0-0: Foul Ball, location: 2F
0-1: Foul Ball, location: 2F
0-2: Ball
1-2: Foul Ball, location: 2F
1-2: Ball
2-2: DOUBLE (Groundball, 3L, EV 105.0 MPH)
Batting: RHB Jim Unknown 0-0: Called Strike
0-1: Ball
1-1: Called Strike
1-2: Foul Ball, location: 2F
1-2: Strikes out swinging
Batting: RHB Jim Unknown 0-0: Ball
1-0: Ball
2-0: Called Strike
2-1: Called Strike
2-2: Ball
3-2: Strikes out swinging
Bottom of the 6th over - 0 runs, 1 hit, 0 errors, 1 left on base; University of Oklahoma 4 - Florida State University 13
TOP OF THE 7TH
University of Oklahoma Sooners batting - Pitching for Florida State University Seminoles : RHP Jim Unknown
Batting: LHB Jim Unknown 0-0: Called Strike
0-1: Ball
1-1: Foul Ball, location: 2F
1-2: Ball
2-2: Fly out, F5 (Popup, 5F, EV 76.9 MPH)
Batting: LHB Jim Unknown 0-0: Ball
1-0: Foul Ball, location: 2F
1-1: SINGLE (Groundball, P, EV 93.8 MPH) (infield hit)
Pitching: LHP Jim Unknown
Batting: RHB Jim Unknown 0-0: Foul Ball, location: 2F
0-1: Swinging Strike
0-2: Ball
1-2: Ball
2-2: Hit by Pitch
Jim Unknown to second
Batting: RHB Jim Unknown 0-0: Ball
1-0: Ball
2-0: Ball
3-0: Called Strike
3-1: Base on Balls
Jim Unknown to third
Jim Unknown to second
Batting: RHB Jim Unknown 0-0: Ball
1-0: Foul Ball, location: 2F
1-1: Swinging Strike
1-2: Strikes out swinging
Batting: SHB Jim Unknown 0-0: Called Strike
0-1: Called Strike
0-2: Ball
1-2: Ball
2-2: Strikes out looking
Top of the 7th over - 0 runs, 1 hit, 0 errors, 3 left on base; University of Oklahoma 4 - Florida State University 13
BOTTOM OF THE 7TH
Florida State University Seminoles batting - Pitching for University of Oklahoma Sooners : RHP Jim Unknown
Batting: SHB Jim Unknown 0-0: Called Strike
0-1: Swinging Strike
0-2: Foul Ball, location: 2F
0-2: Foul Ball, location: 2F
0-2: Strikes out swinging
Batting: RHB Jim Unknown 0-0: Called Strike
0-1: Ball
1-1: Called Strike
1-2: Strikes out swinging, 2-3 out at first.
Batting: RHB Jim Unknown 0-0: Foul Ball, location: 2F
0-1: Foul Ball, location: 2F
0-2: SINGLE (Groundball, 6MD, EV 101.9 MPH)
Batting: RHB Jim Unknown 0-0: Called Strike
0-1: Called Strike
0-2: Ball
1-2: Ball
2-2: Ball
3-2: Base on Balls
Jim Unknown to second
Pitching: RHP Jim Unknown
Batting: RHB Jim Unknown 0-0: Fielders Choice at 2nd, 6-4 (Groundball, 6, EV 89.4 MPH)
Bottom of the 7th over - 0 runs, 1 hit, 0 errors, 2 left on base; University of Oklahoma 4 - Florida State University 13
TOP OF THE 8TH
University of Oklahoma Sooners batting - Pitching for Florida State University Seminoles : LHP Jim Unknown
Batting: LHB Jim Unknown 0-0: Ball
1-0: Ground out 6-3 (Groundball, 6, EV 98.8 MPH)
Batting: RHB Jim Unknown 0-0: Called Strike
0-1: SINGLE (Groundball, 6M, EV 108.1 MPH)
Batting: RHB Jim Unknown 0-0: Ball
1-0: Called Strike
1-1: Ball
2-1: Fly out, F9 (Flyball, 89M, EV 83.1 MPH)
Batting: LHB Jim Unknown 0-0: Swinging Strike
0-1: Ball
1-1: Swinging Strike
1-2: Ball
2-2: 2-RUN HOME RUN (Flyball, 89XD, EV 107.5 MPH), Distance : 432 ft
Batting: LHB Jim Unknown 0-0: Called Strike
0-1: Foul Ball, location: 2F
0-2: DOUBLE (Line Drive, 78D, EV 101.2 MPH)
Batting: RHB Jim Unknown 0-0: Ball
1-0: Foul Ball, location: 2F
1-1: Ball
2-1: SINGLE (Line Drive, 7LS, EV 96.9 MPH)
Jim Unknown to third
Runner from 3rd tries for Home, SAFE, throw by LF to home
Pitching: RHP Jim Unknown
Batting: RHB Jim Unknown 0-0: Called Strike
0-1: Swinging Strike
0-2: Foul Ball, location: 2F
0-2: Ball
1-2: Foul Ball, location: 2F
1-2: Strikes out looking
Top of the 8th over - 3 runs, 4 hits, 0 errors, 1 left on base; University of Oklahoma 7 - Florida State University 13
BOTTOM OF THE 8TH
Florida State University Seminoles batting - Pitching for University of Oklahoma Sooners : RHP Jim Unknown
Batting: RHB Jim Unknown 0-0: Ball
1-0: Foul Ball, location: 2F
1-1: Ball
2-1: Foul Ball, location: 2F
2-2: Ball
3-2: Foul Ball, location: 2F
3-2: Base on Balls
Batting: LHB Jim Unknown 0-0: Ball
1-0: Ball
2-0: Ball
3-0: Called Strike
3-1: Foul Ball, location: 2F
3-2: Fielders Choice at 2nd, 6-4 (Groundball, 6, EV 107.5 MPH)
Batting: RHB Jim Unknown 0-0: Called Strike
0-1: Called Strike
0-2: Ball
1-2: Ball
2-2: Ball
3-2: Strikes out swinging
Batting: RHB Jim Unknown 0-0: Swinging Strike
0-1: Fielders Choice at 2nd, 6-4 (Groundball, 6, EV 103.8 MPH)
Bottom of the 8th over - 0 runs, 0 hits, 0 errors, 1 left on base; University of Oklahoma 7 - Florida State University 13
TOP OF THE 9TH
University of Oklahoma Sooners batting - Pitching for Florida State University Seminoles : RHP Jim Unknown
Batting: RHB Jim Unknown 0-0: Called Strike
0-1: Ball
1-1: Ground out 5-3 (Groundball, 56, EV 106.9 MPH)
Batting: SHB Jim Unknown 0-0: Ground out U3 (Groundball, 3, EV 99.4 MPH)
Batting: LHB Jim Unknown 0-0: Ground out 4-3 (Groundball, 4D, EV 80.6 MPH)
Top of the 9th over - 0 runs, 0 hits, 0 errors, 0 left on base; University of Oklahoma 7 - Florida State University 13
Sunday, July 16th , 2023 - OOTP Baseball 24.6 Build 69